Map: Costas tropicales

Players

MrFercho

  • Race: Terran Terran
  • Spawn Location: 5:00

tigro

  • Race: Terran Terran
  • Spawn Location: 6:00

AbbySweet

  • Race: Terran Terran
  • Spawn Location: 12:00

IIIIIIIIIIID

  • Race: Terran Terran
  • League: Gold
  • Spawn Location: 0:00

VOD

Have the link to the VOD?

Description

Time

  • Played on: July 5, 2019, 11:34 p.m.
  • Length: 4:43
Show
View Real Time Build Order
Export as new Build Order

MrFercho Terran 

Build Orders:  

Get SALT Encoding   

  12  0:02  SCV  
  13  0:16  SCV  
  14  0:23  Supply Depot  
  14  0:28  SCV  
  15  0:43  Engineering Bay  
  15  0:50  Refinery  
  15  0:51  SCV  
  16  1:04  SCV  
  17  1:13  Barracks  
  17  1:16  SCV  
  18  1:19  Supply Depot  
  17  1:43  SCV  
  18  1:55  SCV  
  19  2:07  SCV  
  19  2:19  SCV  
  20  2:31  SCV  
  21  2:43  SCV  
  16  3:00  Marine  
  14  3:18  Marine  
  2  3:36  Marine  
  1  3:49  SCV  
  2  4:01  SCV  
  2  4:12  Barracks Tech Lab  
  2  4:13  SCV  
  3  4:25  SCV  
Show
View Real Time Build Order
Export as new Build Order

tigro Terran 

Build Orders:  

Get SALT Encoding   

  12  0:06  SCV  
  13  0:18  SCV  
  14  0:22  Supply Depot  
  14  0:30  SCV  
  15  0:36  Refinery  
  15  0:43  Refinery  
  15  0:44  SCV  
  16  1:07  Barracks  
  16  1:16  SCV  
  17  1:28  SCV  
  17  2:27  Marine  
  18  2:39  Barracks  
  18  2:45  Marine  
  19  3:03  Marine  
  19  3:20  Marine  
  20  3:31  SCV  
  21  3:38  Marine  
  21  3:55  Marine  
  21  3:56  Marine  
  19  4:05  Engineering Bay  
  17  4:13  Marine  
  17  4:14  Marine  
Show
View Real Time Build Order
Export as new Build Order

AbbySweet Terran 

Build Orders:  

Get SALT Encoding   

  12  0:02  SCV  
  13  0:14  SCV  
  14  0:19  Supply Depot  
  14  0:26  SCV  
  15  0:30  Refinery  
  15  0:41  SCV  
  16  0:46  Barracks  
  16  0:55  SCV  
  17  1:08  SCV  
  18  1:20  SCV  
  19  1:32  SCV  
  20  1:38  Reaper  
  21  1:46  Orbital Command  
  21  1:57  Command Center  
  21  2:17  Factory  
  21  2:21  Barracks Tech Lab  
  21  2:25  SCV  
  21  2:28  Refinery  
  22  2:37  Supply Depot, SCV  
  23  2:59  SCV  
  24  3:11  SCV  
  25  3:14  Siege Tank  
  25  3:18  Refinery  
  28  3:23  SCV  
  28  3:25  Orbital Command  
  29  3:35  SCV  
  30  3:46  Cyclone  
  33  3:50  SCV  
  33  3:52  Refinery  
  33  3:55  SCV  
  35  4:02  Barracks Tech Lab, SCV  
  36  4:05  Factory  
  36  4:07  SCV  
  37  4:13  Command Center  
  37  4:14  SCV  
  38  4:19  Engineering Bay, SCV  
  39  4:26  SCV  
  40  4:31  Supply Depot  
Show
View Real Time Build Order
Export as new Build Order

IIIIIIIIIIID Terran 

Build Orders:  

Get SALT Encoding   

  12  0:01  SCV  
  13  0:13  SCV  
  14  0:18  Supply Depot  
  14  0:25  SCV  
  15  0:31  Refinery  
  15  0:40  SCV  
  16  0:46  Barracks  
  16  0:52  SCV  
  17  0:58  Refinery  
  17  1:04  SCV  
  18  1:16  SCV  
  19  1:35  Reaper  
  20  1:42  Orbital Command  
  20  1:49  Factory  
  20  1:50  Supply Depot  
  20  2:07  Reaper  
  20  2:08  SCV  
  22  2:20  SCV  
  23  2:32  Hellion, SCV  
  23  2:33  Starport  
  26  2:41  Barracks Reactor  
  26  2:42  Supply Depot  
  26  2:57  SCV  
  26  2:58  Factory Tech Lab  
  27  3:09  SCV  
  28  3:18  Starport Tech Lab  
  28  3:19  Marine, Cyclone  
  31  3:20  Marine  
  31  3:21  SCV  
  34  3:27  Supply Depot  
  34  3:47  SCV  
  35  3:51  Command Center  
  35  3:52  Marine x2  
  35  3:53  Raven  
  39  4:15  Marine x2, SCV  
  45  4:27  SCV  
  45  4:31  Supply Depot  
Tags
 
League
Gold
Race
Terran
Replay Pack
MrFercho
Add a new tag
Caveats
  • Supply blocks, unpowered buildings, or Contaminate may cause inaccurate times.
  • Supply counts are checked every 10 seconds.